Workbook
Name \0: #REF!
Name \Y: #REF!
Name _1Sin_nombre: #REF!
Name _2Sin_nombre: #REF!
Name _ALT1: #REF!
Name _ALT2: #REF!
Name _apu3: #REF!
Name _apu31: #REF!
Name _apu5: #REF!
Name _EXT1: #REF!
Name _EXT2: #REF!
Name _FAM1: #REF!
Name _FAM2: #REF!
Name _FAM3: #REF!
Name _INI1: #REF!
Name _INS2: #REF!
Name _INS3: #REF!
Name _MAY1: #REF!
Name _MAY2: #REF!
Name _MAY3: #REF!
Name _MED1: #REF!
Name _MED2: #REF!
Name _MEN1: #REF!
Name _MEN2: #REF!
Name _MEN3: #REF!
Name _Order1: 255
Name _Order2: 255
Name a: #REF!
Name A_IMPRESIÓN_IM: #REF!
Name AAAA: #REF!
Name actividad: #REF!
Name Adm: #REF!
Name AFWERGTER: #REF!
Name AGFREGH: #REF!
Name AHER: #REF!
Name aiu: #REF!
Name ALSA: #REF!
Name aLSACIA: #REF!
Name ALSACIARESERVADO: #REF!
Name ALT0: #REF!
Name ALTIN: #REF!
Name ALTINB: #REF!
Name AMAT: #REF!
Name ANEXO_4: #REF!
Name APER: #REF!
Name ASDAFSS: #REF!
Name ASDAS: #REF!
Name ASFWSRHG: #REF!
Name ATenerEnCuenta: #REF!
Name ATRS: #REF!
Name Base_datos_IM: #REF!
Name BDFBHTEH: #REF!
Name BDFGBR: #REF!
Name BDVGSD: #REF!
Name BFDBHTR: #REF!
Name BFGGBNG: #REF!
Name BGIOHL: #REF!
Name BHTBDERGVSD: #REF!
Name BID: #REF!
Name BIDE: #REF!

Sheet FP
B6: FACTOR PRESTACIONAL AÑO 2026
B8: FACTOR DE PRESTACIONES PAGO POR JORNALES
B9: 2026
B11: SE TOMAN 365 DÍAS PARA SU DEDUCCION
B13: ITEM | C13: =$S$31 -> 58363.5 | D13: 45000 | E13: 50000 | Q13: 55000 | R13: 60000 | S13: 65000 | T13: 70000 | U13: 80000
B14: Sueldo anual | C14: =C13*365 -> 21302678 | D14: =D13*365 -> 16425000 | E14: =E13*365 -> 18250000 | Q14: =Q13*365 -> 20075000 | R14: =R13*365 -> 21900000 | S14: =S13*365 -> 23725000 | T14: =T13*365 -> 25550000 | U14: =U13*365 -> 29200000
B15: Subsidio de Transporte | C15: =IF(C13>$S$34,0,$S$32*365) -> 3030655.8 | D15: =IF(D13>$S$34,0,$S$32*365) -> 3030655.8 | E15: =IF(E13>$S$34,0,$S$32*365) -> 3030655.8 | Q15: =IF(Q13>$S$34,0,$S$32*365) -> 3030655.8 | R15: =IF(R13>$S$34,0,$S$32*365) -> 3030655.8 | S15: =IF(S13>$S$34,0,$S$32*365) -> 3030655.8 | T15: =IF(T13>$S$34,0,$S$32*365) -> 3030655.8 | U15: =IF(U13>$S$34,0,$S$32*365) -> 3030655.8
B16: Cesantía (1 mes) | C16: =36*((C14+C15)/365) -> 2400000 | D16: =36*((D14+D15)/365) -> 1918914 | E16: =36*((E14+E15)/365) -> 2098914 | Q16: =36*((Q14+Q15)/365) -> 2278914 | R16: =36*((R14+R15)/365) -> 2458914 | S16: =36*((S14+S15)/365) -> 2638914 | T16: =36*((T14+T15)/365) -> 2818914 | U16: =36*((U14+U15)/365) -> 3178914
B17: Intereses de Cesantía | C17: =0.12*C16 -> 288000 | D17: =0.12*D16 -> 230269.68 | E17: =0.12*E16 -> 251869.68 | Q17: =0.12*Q16 -> 273469.68 | R17: =0.12*R16 -> 295069.68 | S17: =0.12*S16 -> 316669.68 | T17: =0.12*T16 -> 338269.68 | U17: =0.12*U16 -> 381469.68
B18: Prima de Servicio (1mes) | C18: =30*((C14+C15)/365) -> 2000000 | D18: =30*((D14+D15)/365) -> 1599095 | E18: =30*((E14+E15)/365) -> 1749095 | Q18: =30*((Q14+Q15)/365) -> 1899095 | R18: =30*((R14+R15)/365) -> 2049095 | S18: =30*((S14+S15)/365) -> 2199095 | T18: =30*((T14+T15)/365) -> 2349095 | U18: =30*((U14+U15)/365) -> 2649095
B19: Vacaciones (1/2 mes) | C19: =15*C14/365 -> 875452.5 | D19: =15*D14/365 -> 675000 | E19: =15*E14/365 -> 750000 | Q19: =15*Q14/365 -> 825000 | R19: =15*R14/365 -> 900000 | S19: =15*S14/365 -> 975000 | T19: =15*T14/365 -> 1050000 | U19: =15*U14/365 -> 1200000
B20: Dotación anual * | C20: =$F$35 -> 831639 | D20: =$F$35 -> 831639 | E20: =$F$35 -> 831639 | Q20: =$F$35 -> 831639 | R20: =$F$35 -> 831639 | S20: =$F$35 -> 831639 | T20: =$F$35 -> 831639 | U20: =$F$35 -> 831639
B21: Elementos bio seguridad | C21: =135000*12 -> 1620000 | D21: =135000*12 -> 1620000 | E21: =135000*12 -> 1620000 | Q21: =135000*12 -> 1620000 | R21: =135000*12 -> 1620000 | S21: =135000*12 -> 1620000 | T21: =135000*12 -> 1620000 | U21: =135000*12 -> 1620000
B22: Seguro Social Patronal ** | C22: =IF(C13<10*$S$31,(0.2746-0.085)*C14,0.2746*C14) -> 4038987.7 | D22: =IF(D13<10*$S$31,(0.2746-0.085)*D14,0.2746*D14) -> 3114180 | E22: =IF(E13<10*$S$31,(0.2746-0.085)*E14,0.2746*E14) -> 3460200 | Q22: =IF(Q13<10*$S$31,(0.2746-0.085)*Q14,0.2746*Q14) -> 3806220 | R22: =IF(R13<10*$S$31,(0.2746-0.085)*R14,0.2746*R14) -> 4152240 | S22: =IF(S13<10*$S$31,(0.2746-0.085)*S14,0.2746*S14) -> 4498260 | T22: =IF(T13<10*$S$31,(0.2746-0.085)*T14,0.2746*T14) -> 4844280 | U22: =IF(U13<10*$S$31,(0.2746-0.085)*U14,0.2746*U14) -> 5536320
B23: Sena *** | C23: =IF(C13<10*$S$31,0,0.02*C14) -> 0 | D23: =IF(D13<10*$S$31,0,0.02*D14) -> 0 | E23: =IF(E13<10*$S$31,0,0.02*E14) -> 0 | Q23: =IF(Q13<10*$S$31,0,0.02*Q14) -> 0 | R23: =IF(R13<10*$S$31,0,0.02*R14) -> 0 | S23: =IF(S13<10*$S$31,0,0.02*S14) -> 0 | T23: =IF(T13<10*$S$31,0,0.02*T14) -> 0 | U23: =IF(U13<10*$S$31,0,0.02*U14) -> 0
B24: Bienestar Familiar *** | C24: =IF(C13<10*$S$31,0,0.03*C14) -> 0 | D24: =IF(D13<10*$S$31,0,0.03*D14) -> 0 | E24: =IF(E13<10*$S$31,0,0.03*E14) -> 0 | Q24: =IF(Q13<10*$S$31,0,0.03*Q14) -> 0 | R24: =IF(R13<10*$S$31,0,0.03*R14) -> 0 | S24: =IF(S13<10*$S$31,0,0.03*S14) -> 0 | T24: =IF(T13<10*$S$31,0,0.03*T14) -> 0 | U24: =IF(U13<10*$S$31,0,0.03*U14) -> 0
B25: Caja de compensación Familiar | C25: =0.04*(C14) -> 852107.1 | D25: =0.04*(D14) -> 657000 | E25: =0.04*(E14) -> 730000 | Q25: =0.04*(Q14) -> 803000 | R25: =0.04*(R14) -> 876000 | S25: =0.04*(S14) -> 949000 | T25: =0.04*(T14) -> 1022000 | U25: =0.04*(U14) -> 1168000
B26: Aporte Adicional Sena - FIC | C26: =$S$33/40*12 -> 525271.5 | D26: =$S$33/40*12 -> 525271.5 | E26: =$S$33/40*12 -> 525271.5 | Q26: =$S$33/40*12 -> 525271.5 | R26: =$S$33/40*12 -> 525271.5 | S26: =$S$33/40*12 -> 525271.5 | T26: =$S$33/40*12 -> 525271.5 | U26: =$S$33/40*12 -> 525271.5
B27: TOTAL A CARGO DEL PATRONO | C27: =SUM(C14:C26) -> 37764791 | D27: =SUM(D14:D26) -> 30627025 | E27: =SUM(E14:E26) -> 33297645 | Q27: =SUM(Q14:Q26) -> 35968265 | R27: =SUM(R14:R26) -> 38638885 | S27: =SUM(S14:S26) -> 41309505 | T27: =SUM(T14:T26) -> 43980125 | U27: =SUM(U14:U26) -> 49321365
B28: TOTAL REAL POR MES TRABAJADO | C28: =C27/$I$37 -> 128016.24 | D28: =D27/$I$37 -> 103820.42 | E28: =E27/$I$37 -> 112873.37 | Q28: =Q27/$I$37 -> 121926.32 | R28: =R27/$I$37 -> 130979.27 | S28: =S27/$I$37 -> 140032.22 | T28: =T27/$I$37 -> 149085.17 | U28: =U27/$I$37 -> 167191.07
B29: FACTOR SOBRE SUELDO MENSUAL | C29: =C28/C13 -> 2.1934298 | D29: =D28/D13 -> 2.3071205 | E29: =E28/E13 -> 2.2574675 | Q29: =Q28/Q13 -> 2.2168422 | R29: =R28/R13 -> 2.1829879 | S29: =S28/S13 -> 2.1543419 | T29: =T28/T13 -> 2.1297881 | U29: =U28/U13 -> 2.0898883
B31: VALOR DOTACION (3 VECES AL AÑO) | Q31: Jornal mínimo 2026 | S31: =S33/30 -> 58363.5
B32: CAMISA MANGA LARGA + JEAN ($47.423 + $49.900) | F32: =3*(47423+49900) -> 291969 | Q32: Aux. transporte diario 2026 | S32: =249095/30 -> 8303.1667
B33: BOTAS EN PVC NEGRA PUNTERA ACERO TRACK $109.990 | F33: =3*109990 -> 329970 | Q33: Salario mínimo 2026 | S33: 1750905
B34: CASCO DE SEGURIDAD CON BARBUQUEJO $ 69.900 | F34: =3*69900 -> 209700 | Q34: 2 jornales mínimos | S34: =2*S31 -> 116727
B35: TOTAL | F35: =SUM(F32:F34) -> 831639
B37: Días reales trabajados = Días del año - Domingos - Festivos | I37: =365-18-52 -> 295
B39: * La dotación es requisito legal hasta los 2 salarios mínimos. Sin embargo, se considera para todo el personal administrativo.
B40: ** Salud + Pensión + ARL (exonerado salud para menos de 10 salarios mínimos)
B41: *** Exonerado para menos de 10 salarios mínimos
B44: Días al mes | C44: 30
B45: Dominicales | C45: =52/12 -> 4.3333333 | E45: 4,33 domicales
B46: Dias Festivos | C46: =18/I37 -> 0.061016949 | E46: 18 DÍAS FESTIVOS EN EL AÑO 2025
B47: Dias reales Laborados | C47: =+C44-C45-C46 -> 25.60565
B48: VALOR REAL DEL SALARIO 2026- AFECTACION PRESTACIONAL Y PARAFISCAL
B51: SALARIO | E51: 1 MINIMO | F51: % SOBRE EL SALARIO | G51: 1.2 MINIMOS | H51: % SOBRE EL SALARIO | I51: 1.5 MINIMOS | J51: % SOBRE EL SALARIO | K51: 1.8 MINIMOS | L51: % SOBRE EL SALARIO | M51: 2 MINIMOS | N51: % SOBRE EL SALARIO | O51: 2.5 MINIMOS | P51: % SOBRE EL SALARIO | Q51: #VALUE!
B52: MENSUAL | E52: =+S33 -> 1750905 | F52: 1 | G52: =+E52*1.2 -> 2101086 | H52: 1 | I52: =+E52*1.5 -> 2626357.5 | J52: 1 | K52: =+E52*1.8 -> 3151629 | L52: 1 | M52: =+E52*2 -> 3501810 | N52: 1 | O52: =+E52*2.5 -> 4377262.5 | P52: 1
B53: SUBSIDIO DE TRANSPORTE | E53: 249095 | F53: =+E53/E52 -> 0.14226643 | G53: =+E53 -> 249095 | H53: =+G53/G52 -> 0.11855536 | I53: =+E53 -> 249095 | J53: =+I53/I52 -> 0.094844285 | K53: =+I53 -> 249095 | L53: =+K53/K52 -> 0.079036904 | M53: =+K53 -> 249095 | N53: =+M53/M52 -> 0.071133214 | O53: 0 | P53: =+O53/O52 -> 0
B54: SALARIO MENSUAL +SUBSIDIO DE TRANSPORTE | E54: =+E53+E52 -> 2000000 | F54: =+E54/E52 -> 1.1422664 | G54: =+G53+G52 -> 2350181 | H54: =+G54/G52 -> 1.1185554 | I54: =+I53+I52 -> 2875452.5 | J54: =+I54/I52 -> 1.0948443 | K54: =+K53+K52 -> 3400724 | L54: =+K54/K52 -> 1.0790369 | M54: =+M53+M52 -> 3750905 | N54: =+M54/M52 -> 1.0711332 | O54: =+O53+O52 -> 4377262.5 | P54: =+O54/O52 -> 1
B55: PRESTACIONES SOCIALES
B56: DE ACUERDO CON EL MINISTERIO DE TRABAJO SE INCLUYE EL AUXILIO DE TRANSPORTE PARA LIQUIDAR LAS PRESTACIONES SOCIALES COMO CESANTIAS INTERESES DE CESANTIAS Y PRIMAS, PERO NO PARA LA LIQUIDACION DE VACACIONES NI APORTES AL SISTEMA DE SEGURIDAD SOCIAL
B57: CENSANTÍAS | E57: =+F57*E52 -> 145850.39 | F57: 0.0833 | G57: =+H57*G52 -> 175020.46 | H57: 0.0833 | I57: =+J57*I52 -> 218775.58 | J57: 0.0833 | K57: =+L57*K52 -> 262530.7 | L57: 0.0833 | M57: =+N57*M52 -> 291700.77 | N57: 0.0833 | O57: =+P57*O52 -> 364625.97 | P57: 0.0833
B58: INTERESES SOBRE CESANTÍAS | E58: =+F58*E52 -> 21010.86 | F58: 0.012 | G58: =+H58*G52 -> 25213.032 | H58: 0.012 | I58: =+J58*I52 -> 31516.29 | J58: 0.012 | K58: =+L58*K52 -> 37819.548 | L58: 0.012 | M58: =+N58*M52 -> 42021.72 | N58: 0.012 | O58: =+P58*O52 -> 52527.15 | P58: 0.012
B59: PRIMA- 30 DÍAS | E59: =+F59*E52 -> 145850.39 | F59: 0.0833 | G59: =+H59*G52 -> 175020.46 | H59: 0.0833 | I59: =+J59*I52 -> 218775.58 | J59: 0.0833 | K59: =+L59*K52 -> 262530.7 | L59: 0.0833 | M59: =+N59*M52 -> 291700.77 | N59: 0.0833 | O59: =+P59*O52 -> 364625.97 | P59: 0.0833
B60: VACACIONES 15 DÍAS | E60: =+F60*E52 -> 73012.739 | F60: 0.0417 | G60: =+H60*G52 -> 87615.286 | H60: 0.0417 | I60: =+J60*I52 -> 109519.11 | J60: 0.0417 | K60: =+L60*K52 -> 131422.93 | L60: 0.0417 | M60: =+N60*M52 -> 146025.48 | N60: 0.0417 | O60: =+P60*O52 -> 182531.85 | P60: 0.0417
B61: APORTES A SEGURIDAD SOCIAL
B62: SALUD | E62: =+E52*F62 -> 0 | F62: =8.5%*0 -> 0 | G62: =+G52*H62 -> 0 | H62: =8.5%*0 -> 0 | I62: =+I52*J62 -> 0 | J62: =8.5%*0 -> 0 | K62: =+K52*L62 -> 0 | L62: =8.5%*0 -> 0 | M62: =+M52*N62 -> 0 | N62: =8.5%*0 -> 0 | O62: =+O52*P62 -> 0 | P62: =8.5%*0 -> 0
B63: PENSION | E63: =+F63*$E$52 -> 210108.6 | F63: 0.12 | G63: =+H63*$G$52 -> 252130.32 | H63: 0.12 | I63: =+J63*$I$52 -> 315162.9 | J63: 0.12 | K63: =+L63*$K$52 -> 378195.48 | L63: 0.12 | M63: =+N63*$M$52 -> 420217.2 | N63: 0.12 | O63: =+P63*$O$52 -> 525271.5 | P63: 0.12
B64: RIESGOS PROFESIONALES (ARL) | E64: =+F64*$E$52 -> 121862.99 | F64: 0.0696 | G64: =+H64*$G$52 -> 146235.59 | H64: 0.0696 | I64: =+J64*$I$52 -> 182794.48 | J64: 0.0696 | K64: =+L64*$K$52 -> 219353.38 | L64: 0.0696 | M64: =+N64*$M$52 -> 243725.98 | N64: 0.0696 | O64: =+P64*$O$52 -> 304657.47 | P64: 0.0696
B65: APORTES PARAFISCALES
B66: CAJA DE COMPENSACION FAMILAR (LEY 1429 DE 2010) | E66: =+F66*$E$52 -> 70036.2 | F66: 0.04 | G66: =+H66*$G$52 -> 84043.44 | H66: 0.04 | I66: =+J66*$I$52 -> 105054.3 | J66: 0.04 | K66: =+L66*$K$52 -> 126065.16 | L66: 0.04 | M66: =+N66*$M$52 -> 140072.4 | N66: 0.04 | O66: =+P66*$O$52 -> 175090.5 | P66: 0.04
B67: FIC (FONDO NACIONAL DE FORMACION PROFESIONAL DE LA INDUSTRIA DE LA CONSTRUCCION) | E67: =+F67*$E$52 -> 43772.625 | F67: 0.025 | G67: =+H67*$G$52 -> 52527.15 | H67: 0.025 | I67: =+J67*$I$52 -> 65658.938 | J67: 0.025 | K67: =+L67*$K$52 -> 78790.725 | L67: 0.025 | M67: =+N67*$M$52 -> 87545.25 | N67: 0.025 | O67: =+P67*$O$52 -> 109431.56 | P67: 0.025
B68: SENA-ASUMIDO POR EL CREE | E68: =+E52*F68 -> 0 | F68: 0 | G68: =+G52*H68 -> 0 | H68: 0 | I68: =+I52*J68 -> 0 | J68: 0 | K68: =+K52*L68 -> 0 | L68: 0 | M68: =+M52*N68 -> 0 | N68: 0 | O68: =+O52*P68 -> 0 | P68: 0
B69: ICBF- ASUMIDO POR EL CREE | E69: =+E52*F69 -> 0 | F69: 0 | G69: =+G52*H69 -> 0 | H69: 0 | I69: =+I52*J69 -> 0 | J69: 0 | K69: =+K52*L69 -> 0 | L69: 0 | M69: =+M52*N69 -> 0 | N69: 0 | O69: =+O52*P69 -> 0 | P69: 0
B70: DOTACIÓN + IMPLEMENTOS DE SEGURIDAD INDUSTRIAL
B71: DOTACIÓN (OVEROL + BOTAS) | E71: =+E52*F71 -> 48149.887 | F71: 0.0275 | G71: =+G52*H71 -> 57779.865 | H71: 0.0275 | I71: =+I52*J71 -> 72224.831 | J71: 0.0275 | K71: =+K52*L71 -> 86669.798 | L71: 0.0275 | M71: =+M52*N71 -> 96299.775 | N71: 0.0275 | O71: =+O52*P71 -> 0 | P71: 0
B72: IMPLEMENTOS DE SEGURIDAD INDUSTRIAL (CASCO, GUANTES, MONOGAFAS, TAPABOCAS, TAPAOIDOS) | E72: =+F72*E52 -> 23637.217 | F72: 0.0135 | G72: =+H72*G52 -> 28364.661 | H72: 0.0135 | I72: =+J72*I52 -> 35455.826 | J72: 0.0135 | K72: =+L72*K52 -> 42546.991 | L72: 0.0135 | M72: =+N72*M52 -> 47274.435 | N72: 0.0135 | O72: =+P72*O52 -> 0 | P72: 0
B73: TOTAL SOBRE EL SALARIO
B74: SALARIO | E74: 1 MINIMO | F74: % SOBRE EL SALARIO | G74: 1.2 MINIMOS | H74: % SOBRE EL SALARIO | I74: 1.5 MINIMOS | J74: % SOBRE EL SALARIO | K74: 1.8 MINIMOS | L74: % SOBRE EL SALARIO | M74: 2 MINIMOS | N74: % SOBRE EL SALARIO | O74: 2.5 MINIMOS | P74: % SOBRE EL SALARIO
B75: VALOR TOTAL | E75: =+F75*E52 -> 2903291.9 | F75: =+F72+F71+F69+F68+F67+F66+F64+F63+F62+F60+F59+F58+F57+F53+F52 -> 1.6581664 | G75: =+H75*G52 -> 3434131.3 | H75: =+H72+H71+H69+H68+H67+H66+H64+H63+H62+H60+H59+H58+H57+H53+H52 -> 1.6344554 | I75: =+J75*I52 -> 4230390.3 | J75: =+J72+J71+J69+J68+J67+J66+J64+J63+J62+J60+J59+J58+J57+J53+J52 -> 1.6107443 | K75: =+L75*K52 -> 5026649.4 | L75: =+L72+L71+L69+L68+L67+L66+L64+L63+L62+L60+L59+L58+L57+L53+L52 -> 1.5949369 | M75: =+N75*M52 -> 5557488.8 | N75: =+N72+N71+N69+N68+N67+N66+N64+N63+N62+N60+N59+N58+N57+N53+N52 -> 1.5870332 | O75: =+P75*O52 -> 6456024.5 | P75: =+P72+P71+P69+P68+P67+P66+P64+P63+P62+P60+P59+P58+P57+P53+P52 -> 1.4749 | Q75: TOMADO DE CONTRUDATA
B77: Días al mes | C77: 30
B78: Dominicales | C78: 4
B79: Dias Festivos | C79: =+C46 -> 0.061016949
B80: Dias reales Laborados | C80: =+C77-C78-C79 -> 25.938983
B81: VALOR DEL SALARIO POR JORNAL
B82: SALARIO | E82: 1 MINIMO | F82: % SOBRE EL SALARIO | G82: 1.2 MINIMOS | H82: % SOBRE EL SALARIO | I82: 1.5 MINIMOS | J82: % SOBRE EL SALARIO | K82: 1.8 MINIMOS | L82: % SOBRE EL SALARIO | M82: 2 MINIMOS | N82: % SOBRE EL SALARIO | O82: 2.5 MINIMOS | P82: % SOBRE EL SALARIO
B83: Valor Jornal sin prestaciónes | E83: =+E54/$C$47 -> 78107.762 | F83: =+E83/E54 -> 0.039053881 | G83: =+G54/$C$47 -> 91783.689 | H83: =+G83/G54 -> 0.039053881 | I83: =+I54/$C$47 -> 112297.58 | J83: =+I83/I54 -> 0.039053881 | K83: =+K54/$C$47 -> 132811.47 | L83: =+K83/K54 -> 0.039053881 | M83: =+M54/$C$47 -> 146487.4 | N83: =+M83/M54 -> 0.039053881 | O83: =+O54/$C$47 -> 170949.09 | P83: =+O83/O54 -> 0.039053881
B84: Valor Jornal con prestaciones | E84: =+E75/$C$47 -> 113384.82 | F84: =+E84/E54 -> 0.056692408 | G84: =+G75/$C$47 -> 134116.15 | H84: =+G84/G54 -> 0.057066309 | I84: =+I75/$C$47 -> 165213.16 | J84: =+I84/I54 -> 0.057456404 | K84: =+K75/$C$47 -> 196310.17 | L84: =+K84/K54 -> 0.057725993 | M84: =+M75/$C$47 -> 217041.51 | N84: =+M84/M54 -> 0.05786377 | O84: =+O75/$C$47 -> 252132.81 | P84: =+O84/O54 -> 0.057600569
B85: VALOR DEL SALARIO POR HORA HOMBRE
B86: Valor Hora sin prestaciónes | E86: =+E83/8 -> 9763.4703 | F86: =+E86/E54 -> 0.0048817351 | G86: =+G83/8 -> 11472.961 | H86: =+G86/G54 -> 0.0048817351 | I86: =+I83/8 -> 14037.198 | J86: =+I86/I54 -> 0.0048817351 | K86: =+K83/8 -> 16601.434 | L86: =+K86/K54 -> 0.0048817351 | M86: =+M83/8 -> 18310.925 | N86: =+M86/M54 -> 0.0048817351 | O86: =+O83/8 -> 21368.636 | P86: =+O86/O54 -> 0.0048817351
B87: Valor Hora con prestaciones | E87: =+E84/8 -> 14173.102 | F87: =+E87/E54 -> 0.007086551 | G87: =+G84/8 -> 16764.519 | H87: =+G87/G54 -> 0.0071332886 | I87: =+I84/8 -> 20651.645 | J87: =+I87/I54 -> 0.0071820505 | K87: =+K84/8 -> 24538.771 | L87: =+K87/K54 -> 0.0072157491 | M87: =+M84/8 -> 27130.188 | N87: =+M87/M54 -> 0.0072329713 | O87: =+O84/8 -> 31516.601 | P87: =+O87/O54 -> 0.0072000712
B89: Cargo Laboral de Obra | E89: Valor Jornal sin prestaciones | F89: Valor Jornal con prestaciones | G89: Valor Hora sin prestaciones | H89: Valor Hora con prestaciones | I89: % prestaciones | J89: Salario mensual | K89: % salario
B90: Ayudante AA | E90: =+$E$83 -> 78107.762 | F90: =+$E$84 -> 113384.82 | G90: =+$E$86 -> 9763.4703 | H90: =+$E$87 -> 14173.102 | I90: =+F75 -> 1.6581664 | J90: =+$E$75 -> 2903291.9 | K90: =+$E$74 -> 1 MINIMO
B91: Oficial AA | E91: =+$I$83 -> 112297.58 | F91: =+$I$84 -> 165213.16 | G91: =+$I$86 -> 14037.198 | H91: =+$I$87 -> 20651.645 | I91: =+$J$75 -> 1.6107443 | J91: =+$I$75 -> 4230390.3 | K91: =+$I$74 -> 1.5 MINIMOS
B92: TOPOGRAFIA
B93: Topográfo | E93: =+M83 -> 146487.4 | F93: =+M84 -> 217041.51 | G93: =+M86 -> 18310.925 | H93: =+M87 -> 27130.188 | I93: =+N75 -> 1.5870332 | J93: =+M75 -> 5557488.8 | K93: =+M74 -> 2 MINIMOS
B94: Cadenero | E94: =+G83 -> 91783.689 | F94: =+G84 -> 134116.15 | G94: =+G86 -> 11472.961 | H94: =+G87 -> 16764.519 | I94: =+H75 -> 1.6344554 | J94: =+G75 -> 3434131.3 | K94: =+G74 -> 1.2 MINIMOS
B95: HIDROSANITARIOS
B96: Ayudante Red Hidronsanitaria | E96: =+E83 -> 78107.762 | F96: =+E84 -> 113384.82 | G96: =+E86 -> 9763.4703 | H96: =+E87 -> 14173.102 | I96: =+F75 -> 1.6581664 | J96: =+E75 -> 2903291.9 | K96: =+E74 -> 1 MINIMO
B97: Oficial Red Hidrosanitaria | E97: =+I83 -> 112297.58 | F97: =+I84 -> 165213.16 | G97: =+I86 -> 14037.198 | H97: =+I87 -> 20651.645 | I97: =+J75 -> 1.6107443 | J97: =+I75 -> 4230390.3 | K97: =+I74 -> 1.5 MINIMOS
B98: ELÉCTRICO
B99: Ayudante Red Eléctrica | E99: =+$G$83 -> 91783.689 | F99: =+$G$84 -> 134116.15 | G99: =+$G$86 -> 11472.961 | H99: =+$G$87 -> 16764.519 | I99: =+$H$75 -> 1.6344554 | J99: =+$G$75 -> 3434131.3 | K99: =+$G$74 -> 1.2 MINIMOS
B100: Oficial Red Eléctrica | E100: =+$I$83 -> 112297.58 | F100: =+$I$84 -> 165213.16 | G100: =+$I$86 -> 14037.198 | H100: =+$I$87 -> 20651.645 | I100: =+$J$75 -> 1.6107443 | J100: =+$I$75 -> 4230390.3 | K100: =+$I$74 -> 1.5 MINIMOS
B101: CABLEADO ESTRUCTURADO
B102: Ayudante CE | E102: =+G83 -> 91783.689 | F102: =+G84 -> 134116.15 | G102: =+I86 -> 14037.198 | H102: =+I87 -> 20651.645 | I102: =+J75 -> 1.6107443 | J102: =+G75 -> 3434131.3 | K102: =+G82 -> 1.2 MINIMOS
B103: Oficial CE | E103: =+$K$83 -> 132811.47 | F103: =+$K$84 -> 196310.17 | G103: =+$K$86 -> 16601.434 | H103: =+$K$87 -> 24538.771 | I103: =+$L$75 -> 1.5949369 | J103: =+$K$75 -> 5026649.4 | K103: =+$K$74 -> 1.8 MINIMOS
B104: EQUIPOS MECÁNICOS
B105: Ayudante EM | E105: =+$G$83 -> 91783.689 | F105: =+$G$84 -> 134116.15 | G105: =+$G$86 -> 11472.961 | H105: =+$G$87 -> 16764.519 | I105: =+$H$75 -> 1.6344554 | J105: =+$G$75 -> 3434131.3 | K105: =+$G$74 -> 1.2 MINIMOS
B106: Oficial EM | E106: =+$K$83 -> 132811.47 | F106: =+$K$84 -> 196310.17 | G106: =+$K$86 -> 16601.434 | H106: =+$K$87 -> 24538.771 | I106: =+$L$75 -> 1.5949369 | J106: =+$K$75 -> 5026649.4 | K106: =+$K$74 -> 1.8 MINIMOS
B107: RED CONTRAINCENDIO
B108: Ayudante RCI | E108: =+$G$83 -> 91783.689 | F108: =+$G$84 -> 134116.15 | G108: =+$G$86 -> 11472.961 | H108: =+$G$87 -> 16764.519 | I108: =+$H$75 -> 1.6344554 | J108: =+$G$75 -> 3434131.3 | K108: =+$G$74 -> 1.2 MINIMOS
B109: Oficial RCI | E109: =+$K$83 -> 132811.47 | F109: =+$K$84 -> 196310.17 | G109: =+$K$86 -> 16601.434 | H109: =+$K$87 -> 24538.771 | I109: =+$L$75 -> 1.5949369 | J109: =+$K$75 -> 5026649.4 | K109: =+$K$74 -> 1.8 MINIMOS
B110: COMPONENTE - ESTRUCTURA Y CARPINTERIA METÁLICA
B111: Ayudante MET | E111: =+E100 -> 112297.58 | F111: =+F97 -> 165213.16 | G111: =+G97 -> 14037.198 | H111: =+H97 -> 20651.645 | I111: =+I97 -> 1.6107443 | J111: =+J97 -> 4230390.3 | K111: =+I74 -> 1.5 MINIMOS
B112: Soldador | E112: =+$K$83 -> 132811.47 | F112: =+$K$84 -> 196310.17 | G112: =+$K$86 -> 16601.434 | H112: =+$K$87 -> 24538.771 | I112: =+$L$75 -> 1.5949369 | J112: =+$K$75 -> 5026649.4 | K112: =+$K$74 -> 1.8 MINIMOS
B113: ASEO
B114: Ayudante | E114: =+E83 -> 78107.762 | F114: =+E84 -> 113384.82 | G114: =+E86 -> 9763.4703 | H114: =+E87 -> 14173.102 | I114: =+F75 -> 1.6581664 | J114: =+E75 -> 2903291.9 | K114: =+E74 -> 1 MINIMO
B126: VALOR REAL DEL SALARIO 2021- AFECTACION PRESTACIONAL Y PARAFISCAL
B129: SALARIO | E129: 2.5 MINIMOS | F129: % SOBRE EL SALARIO
B130: MENSUAL | E130: 2271315 | F130: 1
...

Sheet CUADRILLAS
A2: CALCULO DE JORNALES Y PRESTACIONES SOCIALES
C3: VALORES DEL JORNAL Y HORA HOMBRE
C5: CALCULADOS DEL FACTOR PRESTACIONAL
A6: N° | B6: AÑO 2026 | E6: JORNAL TOTAL CON PRESTACIONES
A7: 1 | B7: CUADRILLA ALBAÑILERÍA (1OF+1AY) | E7: =+E8+E9 -> 278597.98
A8: 2 | B8: =FP!B90 -> Ayudante AA | C8: =+FP!E90 -> 78107.762 | D8: =ROUNDUP(C8/8,0) -> 9764 | E8: =FP!F90 -> 113384.82
A9: 3 | B9: =FP!B91 -> Oficial AA | C9: =+FP!E91 -> 112297.58 | D9: =ROUNDUP(C9/8,0) -> 14038 | E9: =FP!F91 -> 165213.16
B10: Prestaciones Ayudante | C10: =FP!I90-1 -> 0.65816643
B11: Prestaciones Oficial | C11: =FP!I91-1 -> 0.61074429
A12: 4 | B12: CUADILLA TOPOGRAFIA (1 TOP+ 1 CAD) | E12: =+E13+E14 -> 351157.66
A13: 5 | B13: =FP!B94 -> Cadenero | C13: =FP!E94 -> 91783.689 | D13: =ROUNDUP(C13/8,0) -> 11473 | E13: =FP!F94 -> 134116.15
A14: 6 | B14: =FP!B93 -> Topográfo | C14: =FP!E93 -> 146487.4 | D14: =ROUNDUP(C14/8,0) -> 18311 | E14: =FP!F93 -> 217041.51
B15: Prestaciones Cadenero | C15: =FP!I94-1 -> 0.63445536
B16: Prestaciones Topógrafo | C16: =FP!I93-1 -> 0.58703321
A17: 7 | B17: CUADRILLA HIDROSANITARIOS (1OF+1AY) | E17: =+E18+E19 -> 278597.98
A18: 8 | B18: =FP!B96 -> Ayudante Red Hidronsanitaria | C18: =FP!E96 -> 78107.762 | D18: =ROUNDUP(C18/8,0) -> 9764 | E18: =FP!F96 -> 113384.82
A19: 9 | B19: =FP!B97 -> Oficial Red Hidrosanitaria | C19: =FP!E97 -> 112297.58 | D19: =ROUNDUP(C19/8,0) -> 14038 | E19: =FP!F97 -> 165213.16
B20: =+CONCATENATE($N$23," ",B18) -> Ayudante Red Hidronsanitaria | C20: =FP!I96-1 -> 0.65816643
B21: =+CONCATENATE($N$23," ",B19) -> Oficial Red Hidrosanitaria | C21: =FP!I97-1 -> 0.61074429
A22: 10 | B22: CUADRILLA ELÉCTRICA (1OF+1AY) | E22: =+E23+E24 -> 299329.32
A23: 11 | B23: =FP!B99 -> Ayudante Red Eléctrica | C23: =FP!E99 -> 91783.689 | D23: =ROUNDUP(C23/8,0) -> 11473 | E23: =FP!F99 -> 134116.15
A24: 12 | B24: =FP!B100 -> Oficial Red Eléctrica | C24: =FP!E100 -> 112297.58 | D24: =ROUNDUP(C24/8,0) -> 14038 | E24: =FP!F100 -> 165213.16
B25: =+CONCATENATE($N$23," ",B23) -> Ayudante Red Eléctrica | C25: =FP!I99-1 -> 0.63445536
B26: =+CONCATENATE($N$23," ",B24) -> Oficial Red Eléctrica | C26: =FP!I100-1 -> 0.61074429
A27: 13 | B27: CUADRILLA CABLEADO ESTRUCTURADO (1OF+1AY) | E27: =+E28+E29 -> 330426.32
A28: 14 | B28: =FP!B102 -> Ayudante CE | C28: =FP!E102 -> 91783.689 | D28: =ROUNDUP(C28/8,0) -> 11473 | E28: =+FP!F102 -> 134116.15
A29: 15 | B29: =FP!B103 -> Oficial CE | C29: =FP!E103 -> 132811.47 | D29: =ROUNDUP(C29/8,0) -> 16602 | E29: =+FP!F103 -> 196310.17
B30: =+CONCATENATE($N$23," ",B28) -> Ayudante CE | C30: =FP!I102-1 -> 0.61074429
B31: =+CONCATENATE($N$23," ",B29) -> Oficial CE | C31: =FP!I103-1 -> 0.5949369
A32: 16 | B32: CUADRILLA EQUIPOS MECÁNICOS (1OF+1AY)
A33: 17 | B33: =FP!B105 -> Ayudante EM | C33: =FP!E105 -> 91783.689 | D33: =ROUNDUP(C33/8,0) -> 11473 | E33: =+FP!F105 -> 134116.15
A34: 18 | B34: =FP!B106 -> Oficial EM | C34: =+FP!E106 -> 132811.47 | D34: =ROUNDUP(C34/8,0) -> 16602 | E34: =+FP!F106 -> 196310.17
B35: =+CONCATENATE($N$23," ",B33) -> Ayudante EM | C35: =FP!I105-1 -> 0.63445536
B36: =+CONCATENATE($N$23," ",B34) -> Oficial EM | C36: =FP!I106-1 -> 0.5949369
A37: 19 | B37: CUADRILLA RCI (1OF+1AY) | E37: =+E38+E39 -> 330426.32
A38: 20 | B38: =FP!B108 -> Ayudante RCI | C38: =FP!E108 -> 91783.689 | D38: =ROUNDUP(C38/8,0) -> 11473 | E38: =FP!F108 -> 134116.15
A39: 21 | B39: =FP!B109 -> Oficial RCI | C39: =+FP!E109 -> 132811.47 | D39: =+FP!G109 -> 16601.434 | E39: =+FP!F109 -> 196310.17
B40: =+CONCATENATE($N$23," ",B38) -> Ayudante RCI | C40: =FP!I108-1 -> 0.63445536
B41: =+CONCATENATE($N$23," ",B39) -> Oficial RCI | C41: =FP!I109-1 -> 0.5949369
A42: 22 | B42: CUADRLLA EST MET (1OF+1AY) | E42: =+E43+E44 -> 361523.33
A43: 23 | B43: =FP!B111 -> Ayudante MET | C43: =FP!E111 -> 112297.58 | D43: =ROUNDUP(C43/8,0) -> 14038 | E43: =FP!F111 -> 165213.16
A44: 24 | B44: =FP!B112 -> Soldador | C44: =+FP!E112 -> 132811.47 | D44: =+FP!G109 -> 16601.434 | E44: =+FP!F109 -> 196310.17
B45: =+CONCATENATE($N$23," ",B43) -> Ayudante MET | C45: =FP!I111-1 -> 0.61074429
B46: =+CONCATENATE($N$23," ",B44) -> Soldador | C46: =FP!I112-1 -> 0.5949369
A47: 25 | B47: CUADRILLA ASEO (1AY) | E47: =+E48 -> 113384.82
B48: =FP!B114 -> Ayudante | C48: =FP!E114 -> 78107.762 | D48: =ROUNDUP(C48/8,0) -> 9764 | E48: =FP!F114 -> 113384.82
B49: =+CONCATENATE($N$23," ",B48) -> Ayudante | C49: =FP!I114-1 -> 0.65816643
A50: 26 | B50: ALBAÑILERIA-ELEMENTOS ESTRUCTURALES EN CONCRETO (1Of+ 2 1Ayu) | E50: =+SUM(E51:E52) -> 391982.79
B51: (2) Ayudante AA | C51: =+FP!E90*2 -> 156215.52 | D51: =ROUNDUP(C51/8,0) -> 19527 | E51: =+FP!F90*2 -> 226769.63
B52: =FP!B91 -> Oficial AA | C52: =+FP!E91 -> 112297.58 | D52: =ROUNDUP(C52/8,0) -> 14038 | E52: =+FP!F91 -> 165213.16
B53: Prestaciones Ayudante | C53: =FP!I90-1 -> 0.65816643
B54: Prestaciones Oficial | C54: =FP!I91-1 -> 0.61074429
